Map: 10000 Feet LE

Players

Skipper

  • Race: Terran Terran
  • League: Diamond
  • Spawn Location: 11:00

Tsunami - Winner!

  • Race: Zerg Zerg
  • Spawn Location: 5:00

VOD

Have the link to the VOD?

Description

Time

  • Played on: Feb. 7, 2026, 8:16 p.m.
  • Length: 25:53
Show
View Real Time Build Order
Export as new Build Order

Skipper Terran 

Build Orders: Gas First Reaper Expand 

Get SALT Encoding   

  12  0:00  SCV  
  13  0:15  SCV  
  13  0:17  Supply Depot  
  14  0:27  Refinery  
  14  0:29  SCV  
  15  0:41  Barracks  
  15  0:46  SCV  
  16  0:58  SCV  
  17  1:11  SCV  
  18  1:34  Reaper  
  18  1:38  Bunker, Orbital Command  
  19  1:43  Refinery  
  19  1:54  Supply Depot  
  19  1:56  Engineering Bay  
  19  2:07  SCV  
  20  2:18  Factory  
  20  2:22  Barracks Reactor  
  20  2:25  Supply Depot  
  20  2:52  Command Center  
  20  3:04  Hellion  
  20  3:05  Reaper x2  
  23  3:07  SCV  
  24  3:15  Supply Depot  
  24  3:17  Starport  
  24  3:19  SCV  
  25  3:32  SCV  
  26  3:44  SCV, Hellion  
  26  3:48  Supply Depot, Barracks Tech Lab  
  29  3:54  Viking  
  31  3:56  SCV  
  32  4:06  Hellion  
  32  4:07  Hellion  
  36  4:10  Supply Depot  
  36  4:17  Orbital Command  
  36  4:25  Fusion Core  
  36  4:49  SCV  
  36  4:50  Orbital Command  
  36  4:51  Factory Tech Lab  
  37  5:07  Marine x2  
  37  5:12  Siege Tank  
  37  5:13  SCV  
  43  5:22  Weapon Refit  
  43  5:32  SCV  
  43  5:34  SCV  
  45  5:39  Refinery  
  45  5:40  Refinery  
  45  5:43  Supply Depot  
  45  5:45  Supply Depot  
  43  5:54  SCV  
  43  5:56  SCV  
  45  6:06  SCV  
  45  6:08  SCV  
  45  6:10  Supply Depot  
  47  6:12  Supply Depot  
  47  6:14  Battlecruiser  
  47  6:18  SCV  
  54  6:21  SCV  
  55  6:30  Siege Tank  
  58  6:34  Supply Depot  
  58  6:35  Marine x2  
  58  6:39  Supply Depot  
  61  6:40  SCV  
  61  6:54  SCV  
  61  7:00  Bunker  
  62  7:06  Command Center  
  62  7:13  SCV  
  63  7:18  SCV, Battlecruiser  
  73  7:22  Siege Tank  
  73  7:23  Engineering Bay  
  73  7:25  Barracks  
  73  7:28  SCV  
  73  7:29  Supply Depot  
  74  7:33  SCV  
  75  7:40  SCV  
  75  7:41  Supply Depot  
  74  7:44  Engineering Bay  
  69  7:53  SCV  
  69  7:56  SCV  
  70  8:05  Siege Tank  
  73  8:10  Barracks  
  73  8:12  Terran Infantry Weapons Level 1  
  73  8:13  Terran Infantry Armor Level 1  
  73  8:14  Barracks  
  73  8:16  Marine x2  
  73  8:18  Sensor Tower  
  75  8:20  SCV  
  75  8:24  Orbital Command  
  76  8:34  Starport Reactor, Marine  
  77  9:03  Marine x2  
  77  9:04  Marauder, Siege Tank  
  84  9:10  SCV  
  84  9:12  Barracks Tech Lab  
  84  9:13  Barracks Reactor  
  84  9:14  Stimpack  
  84  9:15  Medivac  
  84  9:16  Medivac, SCV  
  90  9:24  SCV  
  91  9:27  Marine x2  
  91  9:28  Marauder  
  95  9:34  Factory, SCV  
  95  9:36  Supply Depot  
  95  9:37  SCV  
  97  9:38  Marine  
  97  9:40  Siege Tank  
  97  9:44  Missile Turret  
  101  9:48  Missile Turret  
  101  9:49  Marauder  
  101  9:50  Marine x2, Supply Depot  
  105  9:57  Marauder  
  107  10:00  SCV  
  108  10:08  SCV  
  108  10:12  SCV  
  108  10:13  Marine, Marauder  
  113  10:19  SCV  
  113  10:20  Missile Turret  
  113  10:21  Barracks  
  114  10:22  Missile Turret  
  114  10:23  Barracks x2  
  114  10:33  Armory  
  114  10:34  Combat Shield  
  114  10:35  Marine, Marauder  
  117  10:41  Orbital Command, SCV  
  118  10:45  Factory Tech Lab  
  118  10:46  SCV  
  119  10:52  Marine x2  
  119  10:53  Marine, Marauder  
  126  10:57  Marauder, Marine  
  126  10:59  Medivac  
  126  11:02  SCV  
  130  11:10  Marine  
  131  11:12  Marine x2  
  131  11:13  Marine  
  131  11:14  SCV, Marauder  
  131  11:16  Sensor Tower  
  139  11:18  Marauder  
  139  11:28  Sensor Tower  
  139  11:31  Missile Turret x2  
  139  11:36  Marauder  
  141  11:40  SCV  
  141  11:41  Refinery  
  141  11:44  Refinery  
  141  11:46  Missile Turret  
  141  11:47  Barracks Reactor  
  141  11:48  Missile Turret  
  141  11:51  Barracks Reactor, Marine  
  141  11:52  Marine x2, Marauder  
  141  11:53  Barracks Tech Lab  
  146  11:54  Barracks Reactor  
  146  11:57  Marauder  
  146  11:59  SCV  
  149  12:05  Marine  
  150  12:09  Marine  
  150  12:14  Marauder  
  150  12:15  Marine x2  
  153  12:16  Marauder  
  153  12:17  Medivac  
  153  12:18  Marauder  
  153  12:20  Terran Vehicle Weapons Level 1  
  161  12:23  Marine  
  161  12:27  Reaper  
  163  12:32  Concussive Shells  
  163  12:33  Starport  
  163  12:35  Marine x2  
  165  12:40  Marauder  
  165  12:43  Marine x2  
  165  12:44  Marauder  
  165  12:52  Starport  
  165  12:56  Command Center  
  165  12:57  Missile Turret  
  165  13:01  Missile Turret x2  
  165  13:04  Missile Turret  
  165  13:07  Supply Depot  
  165  13:08  Supply Depot  
  165  13:09  Supply Depot  
  165  13:11  Supply Depot  
  165  13:16  Marine x2, Starport Reactor, SCV x3  
  165  13:17  Marauder, Terran Infantry Weapons Level 2  
  165  13:18  Terran Infantry Armor Level 2  
  172  13:24  Medivac x2  
  176  13:27  Refinery  
  176  13:29  SCV x2  
  176  13:31  Marine  
  176  13:32  Marauder  
  181  13:35  Marine x3  
  181  13:36  Marauder  
  186  13:43  Marine x2  
  186  13:44  Marauder  
  183  13:55  Marine x3, Marauder  
  180  13:57  Marauder  
  180  13:58  SCV x2  
  179  14:08  SCV  
  180  14:13  Marine x2, Marauder  
  180  14:14  Marine  
  185  14:23  Planetary Fortress  
  185  14:24  Ghost Academy  
  185  14:26  SCV x2  
  185  14:27  SCV  
  188  14:40  Marine x2, Marauder  
  188  14:41  Marauder  
  188  14:54  SCV x2  
  188  14:58  Supply Depot  
  190  15:00  Marine x2, Supply Depot x2, Marauder  
  190  15:01  Supply Depot  
  146  15:25  Medivac x4  
  146  15:26  SCV  
  155  15:30  Starport Reactor  
  155  15:31  SCV  
  155  15:33  Command Center, Personal Cloaking  
  156  15:36  SCV  
  156  15:41  Command Center  
  157  15:43  Marine x2  
  157  15:44  Marauder, Missile Turret x2  
  157  15:45  Siege Tank x2  
  157  15:46  Terran Vehicle Weapons Level 2  
  167  15:51  SCV  
  167  15:54  Marine x2  
  167  15:55  Marauder  
  167  15:56  Command Center, Marine x2  
  167  15:57  Marauder  
  176  16:02  Factory  
  176  16:03  Sensor Tower, Marine x3  
  179  16:04  Factory  
  179  16:05  Marauder  
  173  16:16  Marauder  
  145  16:32  Marine x2, Marauder  
  146  16:33  SCV  
  147  16:41  Marine x2, Marauder  
  151  16:51  Factory Tech Lab x2  
  151  17:01  SCV  
  152  17:05  Missile Turret  
  152  17:06  Sensor Tower  
  152  17:08  Marine x2  
  152  17:09  Marine x3, Marauder x3  
  152  17:11  Refinery  
  163  17:16  Marine x3  
  163  17:18  Viking x2  
  163  17:20  Command Center  
  163  17:21  SCV  
  171  17:22  Planetary Fortress  
  171  17:26  Marine x2  
  173  17:41  Liberator  
  176  17:54  SCV  
  176  17:55  Marine x4  
  176  17:56  Marauder x2  
  174  18:02  Marine x3, Marauder  
  178  18:17  Marauder  
  154  18:32  Command Center  
  154  18:34  Orbital Command  
  154  18:36  Planetary Fortress  
  154  18:38  Marine x2, Marauder  
  158  18:48  Refinery  
  158  18:51  Marine x3  
  158  18:52  Marauder  
  158  18:53  Siege Tank x3  
  158  18:55  SCV  
  173  19:04  Command Center  
  173  19:08  SCV  
  174  19:11  Advanced Ballistics  
  174  19:13  SCV  
  175  19:20  SCV  
  176  19:25  SCV  
  176  19:27  Marine x2  
  176  19:28  Marauder  
  181  19:32  Refinery  
  181  19:40  Orbital Command  
  140  19:54  Marine x3  
  140  19:55  Marauder x2  
  147  20:01  SCV x2  
  147  20:02  Marine  
  147  20:03  Orbital Command  
  147  20:04  Liberator  
  147  20:05  Liberator x3  
  162  20:10  Factory Tech Lab x2  
  162  20:11  SCV  
  163  20:14  SCV  
  163  20:20  Planetary Fortress  
  165  20:21  SCV x2  
  165  20:22  SCV  
  165  20:25  Sensor Tower  
  167  20:29  Siege Tank  
  167  20:31  SCV  
  171  20:44  Medivac  
  171  20:45  SCV x2  
  171  20:48  SCV  
  176  20:50  SCV  
Show
View Real Time Build Order
Export as new Build Order

Tsunami Zerg - Winner!

Build Orders: Pool First 

Get SALT Encoding   

  12  0:01  Drone  
  13  0:09  Drone  
  13  0:13  Extractor  
  13  0:16  Drone  
  14  0:22  Extractor, Drone  
  15  0:29  Overlord  
  15  0:49  Spawning Pool  
  14  0:50  Drone  
  14  0:55  Drone  
  16  0:59  Drone  
  17  1:36  Zergling x4  
  17  1:37  Zergling x2  
  17  1:38  Metabolic Boost  
  20  1:48  Queen  
  22  2:10  Hatchery  
  22  2:13  Drone  
  22  2:15  Overlord  
  22  2:33  Queen  
  22  2:47  Zergling x4  
  22  2:50  Drone  
  25  3:09  Roach Warren  
  24  3:34  Drone x2  
  26  3:35  Drone  
  26  3:36  Drone x5  
  32  3:44  Overlord  
  32  3:48  Queen x2  
  32  3:53  Overlord  
  36  4:09  Roach x3  
  44  4:10  Roach  
  44  4:11  Roach  
  44  4:14  Drone  
  47  4:27  Hatchery  
  47  4:30  Roach x2  
  50  4:37  Extractor  
  50  4:38  Extractor  
  48  4:46  Overlord  
  48  4:47  Overlord  
  48  4:50  Drone x2  
  48  4:51  Drone x2  
  48  4:52  Overlord  
  49  5:08  Ravager  
  49  5:13  Evolution Chamber  
  49  5:15  Evolution Chamber  
  49  5:16  Evolution Chamber  
  47  5:23  Drone x7  
  47  5:24  Drone x3  
  47  5:25  Drone  
  58  5:50  Drone x6  
  58  5:51  Drone x4  
  58  5:56  Zerg Ground Armor Level 1  
  68  6:07  Drone x3  
  68  6:08  Drone  
  72  6:19  Zerg Missile Weapons Level 1  
  72  6:22  Lair  
  71  6:40  Drone  
  71  6:41  Drone x6  
  71  6:42  Drone x2  
  71  6:43  Spore Crawler  
  78  6:55  Spore Crawler  
  78  6:59  Spine Crawler  
  78  7:00  Spine Crawler  
  75  7:02  Extractor x2, Drone x2, Spine Crawler  
  75  7:03  Drone x4  
  78  7:13  Drone  
  79  7:20  Roach  
  79  7:21  Overlord  
  81  7:23  Overlord  
  81  7:33  Spire  
  81  7:34  Extractor  
  81  7:35  Drone x3  
  82  7:41  Spore Crawler  
  82  7:42  Spore Crawler  
  82  7:43  Drone x3  
  83  7:44  Spore Crawler  
  82  7:57  Drone  
  82  7:58  Drone x5  
  88  8:06  Baneling Nest, Zerg Ground Armor Level 2, Zerg Melee Weapons Level 1  
  88  8:08  Hatchery  
  86  8:19  Spine Crawler  
  85  8:22  Zergling x2  
  85  8:23  Zergling x16  
  94  8:30  Hatchery  
  94  8:32  Hatchery, Hydralisk Den  
  91  8:37  Hatchery  
  90  8:49  Hydralisk Den  
  80  9:04  Spire  
  80  9:06  Zergling x6  
  80  9:07  Zergling x26  
  80  9:08  Hydralisk x2  
  91  9:14  Queen x3  
  90  9:30  Hydralisk x4  
  90  9:31  Hydralisk  
  100  9:39  Spire  
  100  9:45  Drone x2  
  100  9:46  Drone x2  
  100  9:47  Spawning Pool  
  100  10:01  Drone x6  
  100  10:02  Drone x2  
  108  10:11  Drone x2  
  108  10:12  Drone x4  
  114  10:23  Corruptor x2  
  118  10:33  Drone x2  
  118  10:34  Drone x2  
  122  10:39  Overlord  
  122  10:40  Overlord  
  122  10:46  Zerg Flyer Weapons Level 1  
  122  10:49  Overlord  
  122  11:00  Corruptor  
  122  11:01  Corruptor x3, Evolution Chamber  
  129  11:05  Spore Crawler x2  
  122  11:14  Corruptor x2  
  122  11:16  Overlord  
  126  11:24  Drone x7  
  126  11:25  Drone  
  134  11:28  Extractor  
  119  11:45  Hydralisk x4  
  119  11:46  Hydralisk x4  
  135  11:50  Muscular Augments  
  135  12:05  Roach Warren  
  134  12:09  Drone x4  
  134  12:10  Drone x7  
  134  12:11  Drone  
  134  12:15  Overlord  
  146  12:26  Overlord  
  146  12:31  Pneumatized Carapace  
  146  12:46  Overlord  
  146  12:47  Overlord  
  146  12:48  Drone  
  146  12:49  Drone x7  
  154  12:53  Centrifugal Hooks  
  154  12:54  Grooved Spines  
  154  12:55  Glial Reconstitution  
  154  12:57  Overlord x4  
  154  13:12  Hydralisk  
  154  13:13  Hydralisk x5  
  154  13:14  Zergling x8  
  154  13:15  Zergling x4  
  154  13:17  Overlord  
  172  13:24  Zerg Missile Weapons Level 2  
  172  13:25  Zerg Melee Weapons Level 2  
  172  13:29  Infestation Pit  
  172  13:32  Lurker Den  
  157  13:56  Drone  
  157  13:57  Drone  
  157  14:00  Drone x6  
  157  14:01  Drone x6  
  157  14:02  Drone x4  
  172  14:03  Drone  
  172  14:04  Drone x2  
  172  14:08  Baneling x10  
  172  14:09  Baneling x11  
  175  14:13  Queen  
  175  14:16  Queen x2  
  179  14:22  Zergling x10  
  179  14:23  Zergling x14  
  179  14:24  Swarm Host, Zergling x6  
  199  14:35  Overlord  
  199  14:36  Overlord  
  199  14:40  Overlord x2  
  199  14:41  Overlord x2  
  199  14:44  Extractor, Hatchery  
  197  14:47  Extractor  
  197  14:48  Overlord x2  
  196  15:03  Zergling x6  
  196  15:04  Zergling x2  
  196  15:05  Zergling x2  
  196  15:06  Zergling x2  
  176  15:23  Zergling x2  
  176  15:24  Zergling x48  
  176  15:25  Zergling x2  
  176  15:27  Baneling x6  
  176  15:28  Baneling x12  
  200  15:31  Hive  
  200  15:48  Overlord  
  179  16:14  Zergling x30  
  179  16:15  Zergling x30  
  177  16:28  Zergling x2  
  177  16:29  Zergling x12  
  175  16:34  Baneling x8  
  175  16:35  Baneling x6  
  175  16:37  Zergling x12  
  175  16:38  Zergling x10  
  186  16:41  Baneling x3  
  186  16:42  Baneling x21  
  186  16:49  Zergling x2  
  186  16:50  Zergling x12  
  193  17:01  Baneling  
  193  17:02  Baneling x16  
  193  17:03  Overlord  
  193  17:04  Overlord x2  
  193  17:18  Baneling x7  
  193  17:19  Baneling x19  
  193  17:27  Overlord  
  193  17:30  Overlord  
  193  17:35  Hatchery  
  192  17:42  Zergling x2  
  192  17:43  Zergling x14  
  192  17:44  Zergling x4  
  188  18:05  Zergling x32  
  190  18:06  Zergling x10  
  165  18:21  Zergling x2  
  165  18:22  Zergling x28  
  165  18:25  Baneling x3  
  165  18:26  Baneling  
  172  18:29  Baneling  
  172  18:30  Baneling x7  
  172  18:35  Baneling x4  
  172  18:36  Baneling x3  
  172  18:41  Ultralisk Cavern  
  172  18:44  Overlord  
  171  18:50  Baneling x15  
  171  18:53  Zerg Missile Weapons Level 3  
  171  18:54  Zerg Ground Armor Level 3  
  171  18:57  Zerg Melee Weapons Level 3  
  171  19:01  Zergling x6  
  171  19:02  Zergling x44  
  196  19:12  Hatchery  
  195  19:21  Spore Crawler x3  
  161  19:50  Zergling x2  
  161  19:51  Zergling x34  
  155  20:00  Zergling x8  
  155  20:01  Zergling x12  
  155  20:02  Zergling x2  
  166  20:09  Ultralisk Cavern  
  166  20:13  Drone  
  166  20:14  Drone x3  
  168  20:15  Drone x2  
  168  20:21  Baneling x6  
  171  20:22  Baneling x20  
  171  20:24  Zergling x10  
  171  20:25  Zergling x32  
  192  20:31  Drone  
  192  20:32  Spine Crawler  
  191  21:01  Extractor  
  191  21:04  Extractor  
  169  21:23  Adrenal Glands  
  169  21:28  Extractor  
  169  21:29  Extractor  
  169  21:45  Zergling x2  
  169  21:49  Hatchery, Chitinous Plating  
  169  21:50  Anabolic Synthesis  
  169  21:56  Baneling x16  
  169  21:57  Baneling x30  
  169  21:58  Baneling x32  
  169  21:59  Baneling x6  
  169  22:34  Ultralisk  
  169  22:35  Ultralisk x3  
  169  22:39  Drone x3  
  169  22:43  Drone x2  
  169  22:53  Extractor  
  169  22:57  Extractor  
  169  23:06  Mutalisk x6  
  169  23:16  Zerg Flyer Weapons Level 2  
Tags
 
Add a new tag
Caveats
  • Supply blocks, unpowered buildings, or Contaminate may cause inaccurate times.
  • Supply counts are checked every 10 seconds.